Remparts vs Senators

Created - December 2, 2019 at 20:01

Goals
1 2 3 OT1 SO T
Remparts 1 1 0 0 0 2
Senators 0 1 1 0 1 3
Shots
1 2 3 OT1 SO T
Remparts 10 16 3 0 4 29
Senators 17 12 7 1 4 37

1st period

1. Remparts , Jake Virtanen 5 (Mitchell Heard 3) at 12:30

Penalties :
No Penalty

2nd period

2. Senators , Matt Frattin 14 (Chris Kunitz 1, Dylan Blujus 9) at 0:26
3. Remparts , Max Reinhart 6 (Pontus Aberg 12, Ryan Strome 10) at 6:04

Penalties :
Adam Ollas-Mattsson (BIN) for Close Hand On Puck (Minor) at 2:46, Andy Andreoff (BIN) for Hooking (Minor) at 7:28

3rd period

4. Senators , Jan Mursak 9 (Matt Frattin 14, Jack Dougherty 3) at 19:08 (SH)

Penalties :
Zemgus Girgensons (BIN) for Roughing (Minor) at 0:03, Michal Jordan (Que) for Tripping (Minor) at 5:07, Guillaume Desbiens (Que) for Slashing (Minor) at 13:05, Zemgus Girgensons (BIN) for Roughing (Minor) at 17:28

Overtime #1

No Goal

Penalties :
No Penalty

Shootout

Remparts, Max Reinhart - Stopped by Justin Peters
Senators, Chris Kunitz - Stopped by Igor Bobkov
Remparts, Pontus Aberg - Shot Misses the Net
Senators, Nick Foligno - Stopped by Igor Bobkov
Remparts, Guillaume Desbiens - Stopped by Justin Peters
Senators, Matt Frattin - Shot Misses the Net
Remparts, Nail Yakupov - Shot Misses the Net
Senators, Jan Mursak - Goal!

Penalties :
No Penalty

Goalie Stats

Igor Bobkov (Que), 35 saves from 37 shots - (0.946), OTL, 3-2-1, 65:00 minutes
Justin Peters (BIN), 27 saves from 29 shots - (0.931), W, 7-6-0, 65:00 minutes

Players Stats for Remparts

Player Name              G  A  P  +/- PIM S  H  SB GA TA FO     MP     PP MP  PK MP  
------------------------------------------------------------------------------------
Brendan Perlini          0  0  0  -1  0   0  4  0  1  1  0/1    16:40   3:31   0:00 
Cédric Lalonde-McNicoll  0  0  0  -1  0   2  6  0  0  1  4/11   19:14   3:31   1:07 
Guillaume Desbiens       0  0  0  -1  2   2  0  0  0  0  1/1    17:23   3:31   0:39 
Jake Virtanen            1  0  1   1  0   3  3  0  1  0  0/0     9:43   0:00   0:58 
Keaton Thompson          0  0  0   0  0   0  2  0  0  0  0/0    22:38   2:57   1:39 
Matt Puempel             0  0  0   0  0   1  1  0  0  0  0/0    11:21   0:00   0:04 
Max Reinhart             1  0  1   0  0   5  0  3  0  0  17/35  22:46   4:12   1:57 
Michael Downing          0  0  0   1  0   0  0  0  0  0  0/0    13:39   0:00   0:54 
Michal Jordan            0  0  0  -1  2   4  3  0  2  2  0/0    29:21   4:59   0:45 
Mitchell Heard           0  1  1   1  0   1  2  0  0  0  2/6     8:53   0:00   0:11 
Nail Yakupov             0  0  0   0  0   3  2  1  1  1  0/0    12:07   0:13   0:00 
Nelson Nogier            0  0  0   1  0   0  2  0  0  0  0/0    11:48   0:00   0:00 
Niklas Hansson           0  0  0   0  0   1  0  2  0  1  0/0    22:50   2:57   2:19 
Pontus Aberg             0  1  1   0  0   3  2  1  1  0  1/1    19:47   4:12   0:00 
Roberts Lipsbergs        0  0  0   1  0   0  0  0  0  0  0/0    10:43   0:13   1:07 
Ryan Strome              0  1  1   0  0   3  2  0  0  0  0/0    22:52   4:12   1:53 
Sam Reinhart             0  0  0   0  0   0  1  0  0  0  5/6    14:00   0:13   0:00 
William Colbert          0  0  0  -1  0   1  1  3  0  2  0/0    30:15   4:59   2:19 

Players Stats for Senators

Player Name              G  A  P  +/- PIM S  H  SB GA TA FO     MP     PP MP  PK MP  
------------------------------------------------------------------------------------
Adam Ollas-Mattsson      0  0  0   0  2   1  3  0  0  0  0/0    23:18   1:41   2:29 
Andy Andreoff            0  0  0   0  2   1  1  1  0  1  2/5    16:14   0:17   0:54 
Blake Coleman            0  0  0   0  0   2  0  1  0  0  2/5     6:44   0:00   0:20 
Brett Bulmer             0  0  0   0  0   5  0  1  1  0  0/0     7:20   0:00   0:00 
Chandler Stephenson      0  0  0  -1  0   1  2  0  0  0  5/9    14:18   1:44   0:54 
Chris Kunitz             0  1  1   0  0   6  1  0  3  0  9/12   23:33   2:11   3:28 
Dylan Blujus             0  1  1   0  0   2  7  4  2  1  0/0    31:38   2:17   4:36 
Grant Besse              0  0  0   0  0   2  1  0  0  0  0/0    13:47   0:00   0:40 
Jack Dougherty           0  1  1   0  0   2  2  1  1  3  0/0    28:49   2:17   4:36 
Jake Evans               0  0  0   0  0   0  0  0  0  0  0/1     2:32   0:00   0:00 
Jan Mursak               1  0  1   1  0   4  1  0  0  0  0/0    16:16   0:00   2:16 
Mason Geertsen           0  0  0   0  0   1  1  2  0  1  0/0    26:07   1:41   2:40 
Matt Frattin             1  1  2   1  0   2  1  0  1  0  2/4    20:56   2:00   1:37 
Maxim Letunov            0  0  0   0  0   0  0  0  0  0  1/1     2:28   0:00   1:38 
Michal Repik             0  0  0  -1  0   1  2  0  0  0  0/0    13:24   1:44   0:00 
Nick Foligno             0  0  0  -1  0   4  2  0  0  0  0/1    20:46   1:44   4:26 
Patrick Maroon           0  0  0   0  0   3  1  1  0  0  0/0     8:08   0:00   0:13 
Pontus Sjalin            0  0  0   0  0   0  1  0  0  0  0/0    15:17   0:00   0:51 
Warren Foegele           0  0  0   0  0   0  0  0  0  0  0/0     2:13   0:14   0:00 
Zemgus Girgensons        0  0  0   0  4   0  0  1  0  0  10/23  18:12   2:00   0:06 

3 Stars

1 - Matt Frattin (BIN)
2 - Dylan Blujus (BIN)
3 - Igor Bobkov (Que)

Power Play

Remparts - 0 on 4 Attempt(s) - 0.00%
Senators - 0 on 2 Attempt(s) - 0.00%

Penalty Kill

Remparts - 2 on 2 Attempt(s) - 100.00% - Score 0 goal in Penalty Kill
Senators - 4 on 4 Attempt(s) - 100.00% - Score 1 goal in Penalty Kill

Team Stat

Remparts - Hits : 31 - Faceoff Wins : 30 - Blocked Shots : 10 - Penalty Minutes : 4
Senators - Hits : 26 - Faceoff Wins : 31 - Blocked Shots : 12 - Penalty Minutes : 8

Official

Referees : Unknown
Linesman : Unknown

Game Notes

Jake Evans is injured at 11:18 of 1st period (Broken Bone (Right Arm))
Blake Coleman is injured at 4:54 of 3rd period (Broken Nose)

Finance

Level 1 -- Attendance: 1455 (72.75%) -- Ticket Income $48,015
Level 2 -- Attendance: 721 (72.10%) -- Ticket Income $10,815
Total Attendance: 2176 (72.53%)
Total Ticket Income: $58,830
Other Income: $2,942
Total Income: $61,772

Remparts

5 vs 5 Forward 
   Center                   Left Wing                Right Wing               Time % Phy DF OF 
 1 Max Reinhart             Pontus Aberg             Ryan Strome              40     0   2  3  
 2 Cédric Lalonde-McNicoll  Brendan Perlini          Guillaume Desbiens       30     0   2  3  
 3 Sam Reinhart             Matt Puempel             Nail Yakupov             20     0   2  3  
 4 Mitchell Heard           Roberts Lipsbergs        Jake Virtanen            10     1   2  2  

5 vs 5 Defense 
   Defense                  Defense                                           Time % Phy DF OF 
 1 William Colbert          Michal Jordan                                     40     0   2  3  
 2 Niklas Hansson           Keaton Thompson                                   30     1   2  2  
 3 Michael Downing          Nelson Nogier                                     20     1   2  2  
 4 William Colbert          Michal Jordan                                     10     1   2  2  

PowerPlay Forward 
   Center                   Left Wing                Right Wing               Time % Phy DF OF 
 1 Max Reinhart             Pontus Aberg             Ryan Strome              60     0   0  4  
 2 Cédric Lalonde-McNicoll  Brendan Perlini          Guillaume Desbiens       40     0   1  4  

PowerPlay Defense
   Defense                  Defense                                           Time % Phy DF OF 
 1 William Colbert          Michal Jordan                                     60     0   2  3  
 2 Niklas Hansson           Keaton Thompson                                   40     0   2  3  

Penalty Kill 4 Players Forward 
   Center                   Wing                     Time % Phy DF OF 
 1 Max Reinhart             Ryan Strome              60     1   3  1  
 2 Cédric Lalonde-McNicoll  Guillaume Desbiens       40     1   3  1  

Penalty Kill 4 Players Defense
   Defense                  Defense                  Time % Phy DF OF 
 1 William Colbert          Niklas Hansson           60     1   4  0  
 2 Keaton Thompson          Michal Jordan            40     1   4  0  

Penalty Kill - 3 Players Forward 
   Forward                                           Time % Phy DF OF 
 1 Max Reinhart                                      60     1   3  1  
 2 Ryan Strome                                       40     1   3  1  

Penalty Kill - 3 Players Defense
   Defense                  Defense                  Time % Phy DF OF 
 1 William Colbert          Niklas Hansson           60     1   4  0  
 2 Keaton Thompson          Michal Jordan            40     1   4  0  

4 vs 4 Forward 
   Center                   Wing                     Time % Phy DF OF 
 1 Max Reinhart             Ryan Strome              60     0   2  3  
 2 Cédric Lalonde-McNicoll  Pontus Aberg             40     0   2  3  

4 vs 4 Defense
   Defense                  Defense                  Time % Phy DF OF 
 1 William Colbert          Michal Jordan            60     0   3  2  
 2 Niklas Hansson           Keaton Thompson          40     0   3  2  

Last Minutes Offensive
   Center                   Left Wing                Right Wing               Defense                  Defense                  
   Max Reinhart             Pontus Aberg             Ryan Strome              Michal Jordan            William Colbert          

Last Minutes Defensive
   Center                   Left Wing                Right Wing               Defense                  Defense                  
   Max Reinhart             Pontus Aberg             Ryan Strome              William Colbert          Niklas Hansson           

Goaltenders
Starting : Igor Bobkov              
Backup : Garret Sparks            

Extra Forwards
Normal : Sam Reinhart, Ryan Strome, Max Reinhart - PP : Sam Reinhart, Ryan Strome - PK : Jake Virtanen
Extra Defensemen
Normal : Michal Jordan, William Colbert, Niklas Hansson - PP : Keaton Thompson - PK : Michal Jordan, William Colbert
Penalty Shots
Max Reinhart, Pontus Aberg, Guillaume Desbiens, Nail Yakupov, Ryan Strome

Scratches
Viktor Baldayev (Broken Bone (Right Ankle) Injury), Juuso Ikonen (Healthy), Colin Smith (Healthy), Kyle Platzer (Healthy), Connor Honey (Healthy)
Anton Zlobin (Healthy), Tim Bozon (Healthy), Marek Langhamer (Healthy)

Senators

5 vs 5 Forward 
   Center                   Left Wing                Right Wing               Time % Phy DF OF 
 1 Zemgus Girgensons        Chris Kunitz             Matt Frattin             40     1   2  2  
 2 Chandler Stephenson      Nick Foligno             Michal Repik             30     1   2  2  
 3 Jake Evans               Jan Mursak               Grant Besse              20     1   2  2  
 4 Blake Coleman            Patrick Maroon           Brett Bulmer             10     1   2  2  

5 vs 5 Defense 
   Defense                  Defense                                           Time % Phy DF OF 
 1 Dylan Blujus             Jack Dougherty                                    40     1   2  2  
 2 Mason Geertsen           Adam Ollas-Mattsson                               30     1   2  2  
 3 Pontus Sjalin            Dylan Blujus                                      20     1   2  2  
 4 Jack Dougherty           Mason Geertsen                                    10     1   2  2  

PowerPlay Forward 
   Center                   Left Wing                Right Wing               Time % Phy DF OF 
 1 Zemgus Girgensons        Chris Kunitz             Matt Frattin             60     1   2  2  
 2 Chandler Stephenson      Nick Foligno             Michal Repik             40     1   2  2  

PowerPlay Defense
   Defense                  Defense                                           Time % Phy DF OF 
 1 Dylan Blujus             Jack Dougherty                                    60     1   2  2  
 2 Mason Geertsen           Adam Ollas-Mattsson                               40     1   2  2  

Penalty Kill 4 Players Forward 
   Center                   Wing                     Time % Phy DF OF 
 1 Chris Kunitz             Nick Foligno             60     1   2  2  
 2 Matt Frattin             Jan Mursak               40     1   2  2  

Penalty Kill 4 Players Defense
   Defense                  Defense                  Time % Phy DF OF 
 1 Dylan Blujus             Jack Dougherty           60     1   2  2  
 2 Mason Geertsen           Adam Ollas-Mattsson      40     1   2  2  

Penalty Kill - 3 Players Forward 
   Forward                                           Time % Phy DF OF 
 1 Chris Kunitz                                      60     1   2  2  
 2 Nick Foligno                                      40     1   2  2  

Penalty Kill - 3 Players Defense
   Defense                  Defense                  Time % Phy DF OF 
 1 Dylan Blujus             Jack Dougherty           60     1   2  2  
 2 Mason Geertsen           Adam Ollas-Mattsson      40     1   2  2  

4 vs 4 Forward 
   Center                   Wing                     Time % Phy DF OF 
 1 Chris Kunitz             Nick Foligno             60     1   2  2  
 2 Matt Frattin             Jan Mursak               40     1   2  2  

4 vs 4 Defense
   Defense                  Defense                  Time % Phy DF OF 
 1 Dylan Blujus             Jack Dougherty           60     1   2  2  
 2 Mason Geertsen           Adam Ollas-Mattsson      40     1   2  2  

Last Minutes Offensive
   Center                   Left Wing                Right Wing               Defense                  Defense                  
   Zemgus Girgensons        Chris Kunitz             Matt Frattin             Dylan Blujus             Jack Dougherty           

Last Minutes Defensive
   Center                   Left Wing                Right Wing               Defense                  Defense                  
   Zemgus Girgensons        Chris Kunitz             Matt Frattin             Dylan Blujus             Jack Dougherty           

Goaltenders
Starting : Justin Peters            
Backup : Stephon Williams         

Extra Forwards
Normal : Andy Andreoff, Warren Foegele, Maxim Letunov - PP : Andy Andreoff, Warren Foegele - PK : Maxim Letunov
Extra Defensemen
Normal : Pontus Sjalin, Adam Ollas-Mattsson, Dylan Blujus - PP : Pontus Sjalin - PK : Adam Ollas-Mattsson, Dylan Blujus
Penalty Shots
Chris Kunitz, Nick Foligno, Matt Frattin, Jan Mursak, Patrick Maroon

Scratches
Tomas Jurco (Suspend), Scott Harrington (Sports Hernia Injury), Keegan Lowe (Lower Body Injury), Keven Bouchard (Healthy)

% Time on Ice - Remparts

Lines # - Real PCT - Wanted PCT - Time Play
Normal Forward
1 - 32% - 40% - 15:27
2 - 28% - 30% - 13:14
3 - 23% - 20% - 11:12
4 - 17% - 10% - 8:13
Normal Defense
1 - 38% - 40% - 18:29
2 - 34% - 30% - 16:13
3 - 25% - 20% - 11:48
4 - 3% - 10% - 1:36
PP Forward
1 - 56% - 60% - 4:25
2 - 44% - 40% - 3:31
PP Defense
1 - 63% - 60% - 4:59
2 - 37% - 40% - 2:57
PK Forward
1 - 72% - 60% - 2:51
2 - 28% - 40% - 1:07
PK Defense
1 - 58% - 60% - 2:19
2 - 42% - 40% - 1:39
PK3 Forward
1 - 0% - 60%
2 - 0% - 40%
PK3 Defense
1 - 0% - 60%
2 - 0% - 40%
44 Forward
1 - 73% - 60% - 3:38
2 - 27% - 40% - 1:22
44 Defense
1 - 64% - 60% - 3:11
2 - 36% - 40% - 1:49
Last Minute Offensive  - 0:00
Last Minute Defensive  - 0:00
Total
Forward - 65:00
Defense - 65:00

% Time on Ice - Senators

Lines # - Real PCT - Wanted PCT - Time Play
Normal Forward
1 - 33% - 40% - 16:00
2 - 25% - 30% - 12:15
3 - 26% - 20% - 12:31
4 - 15% - 10% - 7:20
Normal Defense
1 - 33% - 40% - 15:54
2 - 31% - 30% - 14:54
3 - 26% - 20% - 12:24
4 - 10% - 10% - 4:54
PP Forward
1 - 56% - 60% - 2:14
2 - 44% - 40% - 1:44
PP Defense
1 - 58% - 60% - 2:17
2 - 42% - 40% - 1:41
PK Forward
1 - 80% - 60% - 6:19
2 - 20% - 40% - 1:37
PK Defense
1 - 65% - 60% - 5:10
2 - 35% - 40% - 2:46
PK3 Forward
1 - 0% - 60%
2 - 0% - 40%
PK3 Defense
1 - 0% - 60%
2 - 0% - 40%
44 Forward
1 - 70% - 60% - 3:31
2 - 30% - 40% - 1:29
44 Defense
1 - 55% - 60% - 2:44
2 - 45% - 40% - 2:16
Last Minute Offensive  - 0:00
Last Minute Defensive  - 0:00
Total
Forward - 65:00
Defense - 65:00

Play-by-Play

1st period


0:01 of 1st period - Matt Frattin wins face-off versus Max Reinhart in neutral zone.
0:04 of 1st period - Snap shot by Chris Kunitz.
0:04 of 1st period - Stopped by Igor Bobkov with a rebound.
0:06 of 1st period - Slapshot by Dylan Blujus.
0:06 of 1st period - Stopped by Igor Bobkov with a rebound.
0:31 of 1st period - Off-side.
0:32 of 1st period - Sam Reinhart wins face-off versus Jake Evans in neutral zone.
0:48 of 1st period - Wrist shot by Nail Yakupov.
0:48 of 1st period - Deflect By Sam Reinhart.
0:48 of 1st period - Shot Misses the Net.
0:48 of 1st period - Puck is out of play.
0:49 of 1st period - Blake Coleman wins face-off versus Mitchell Heard in Senators zone.
1:02 of 1st period - Wrist shot by Brett Bulmer.
1:02 of 1st period - Shot Misses the Net.
1:14 of 1st period - Mitchell Heard is hit by Dylan Blujus and loses puck.
1:21 of 1st period - Snap shot by Matt Frattin.
1:21 of 1st period - Stopped by Igor Bobkov with a rebound.
3:12 of 1st period - Michal Repik is hit by Ryan Strome and loses puck.
3:31 of 1st period - Snap shot by Jan Mursak.
3:31 of 1st period - Shot Misses the Net.
4:31 of 1st period - Snap shot by Nail Yakupov.
4:31 of 1st period - Stopped by Justin Peters with a rebound.
4:33 of 1st period - Slapshot by Niklas Hansson.
4:33 of 1st period - Shot Blocked by Brett Bulmer.
4:43 of 1st period - Snap shot by Sam Reinhart.
4:43 of 1st period - Shot Misses the Net.
4:57 of 1st period - Wrist shot by Nick Foligno.
4:57 of 1st period - Stopped by Igor Bobkov with a rebound.
4:59 of 1st period - Slapshot by Dylan Blujus.
4:59 of 1st period - Shot Misses the Net.
5:01 of 1st period - Slapshot by Dylan Blujus.
5:01 of 1st period - Stopped by Igor Bobkov with a rebound.
5:21 of 1st period - Snap shot by Guillaume Desbiens.
5:21 of 1st period - Shot Blocked by Zemgus Girgensons.
5:36 of 1st period - Slapshot by Michal Jordan.
5:36 of 1st period - Stopped by Justin Peters with a rebound.
5:48 of 1st period - Snap shot by Nick Foligno.
5:48 of 1st period - Shot Misses the Net.
6:04 of 1st period - Wrist shot by Ryan Strome.
6:04 of 1st period - Shot Misses the Net.
6:06 of 1st period - Backhand shot by Michal Jordan.
6:06 of 1st period - Stopped by Justin Peters with a rebound.
6:08 of 1st period - Slapshot by William Colbert.
6:08 of 1st period - Stopped by Justin Peters without a rebound.
6:09 of 1st period - Cédric Lalonde-McNicoll wins face-off versus Chandler Stephenson in Senators zone.
6:16 of 1st period - Nelson Nogier is hit by Nick Foligno and loses puck.
6:47 of 1st period - Wrist shot by Ryan Strome.
6:47 of 1st period - Shot Misses the Net.
6:58 of 1st period - Chris Kunitz is hit by Nelson Nogier and loses puck.
7:15 of 1st period - Snap shot by Matt Frattin.
7:15 of 1st period - Shot Misses the Net.
7:17 of 1st period - Wrist shot by Matt Frattin.
7:17 of 1st period - Shot Misses the Net.
7:19 of 1st period - Snap shot by Chris Kunitz.
7:19 of 1st period - Deflect By Matt Frattin.
7:19 of 1st period - Shot Blocked by Max Reinhart.
7:19 of 1st period - Puck is out of play.
7:20 of 1st period - Guillaume Desbiens wins face-off versus Nick Foligno in Remparts zone.
7:20 of 1st period - Guillaume Desbiens is hit by Dylan Blujus.
8:16 of 1st period - Snap shot by Grant Besse.
8:16 of 1st period - Stopped by Igor Bobkov with a rebound.
8:53 of 1st period - Snap shot by Nick Foligno.
8:53 of 1st period - Shot Misses the Net.
10:30 of 1st period - Michal Jordan is hit by Michal Repik and loses puck.
10:43 of 1st period - Max Reinhart is hit by Jack Dougherty and loses puck.
11:17 of 1st period - Jake Evans is hit by Mitchell Heard and loses puck.
11:18 of 1st period - Jake Evans from Senators is injured at 11:18 of 1st period (Broken Bone (Right Arm)).
11:19 of 1st period - Max Reinhart wins face-off versus Matt Frattin in Senators zone.
11:20 of 1st period - Snap shot by Pontus Aberg.
11:20 of 1st period - Stopped by Justin Peters with a rebound.
11:22 of 1st period - Slapshot by Ryan Strome.
11:22 of 1st period - Shot Misses the Net.
11:24 of 1st period - Wrist shot by William Colbert.
11:24 of 1st period - Shot Misses the Net.
11:26 of 1st period - Snap shot by Max Reinhart.
11:26 of 1st period - Shot Misses the Net.
11:28 of 1st period - Wrist shot by Max Reinhart.
11:28 of 1st period - Shot Misses the Net.
11:30 of 1st period - Snap shot by Pontus Aberg.
11:30 of 1st period - Stopped by Justin Peters with a rebound.
11:44 of 1st period - Michal Repik is hit by William Colbert and loses puck.
12:14 of 1st period - Snap shot by Nail Yakupov.
12:14 of 1st period - Shot Blocked by Andy Andreoff.
12:28 of 1st period - Snap shot by Mitchell Heard.
12:28 of 1st period - Stopped by Justin Peters without a rebound.
12:29 of 1st period - Mitchell Heard wins face-off versus Zemgus Girgensons in Senators zone.
12:30 of 1st period - Snap shot by Jake Virtanen.
12:30 of 1st period - Goal by Jake Virtanen - Remparts : 1 - Senators : 0.
12:31 of 1st period - Max Reinhart wins face-off versus Zemgus Girgensons in neutral zone.
13:03 of 1st period - Snap shot by Guillaume Desbiens.
13:03 of 1st period - Stopped by Justin Peters with a rebound.
13:05 of 1st period - Wrist shot by Brendan Perlini.
13:05 of 1st period - Shot Blocked by Dylan Blujus.
13:07 of 1st period - Snap shot by Cédric Lalonde-McNicoll.
13:07 of 1st period - Shot Misses the Net.
13:24 of 1st period - Wrist shot by Jan Mursak.
13:24 of 1st period - Stopped by Igor Bobkov with a rebound.
13:26 of 1st period - Slapshot by Jack Dougherty.
13:26 of 1st period - Stopped by Igor Bobkov without a rebound.
13:27 of 1st period - Zemgus Girgensons wins face-off versus Max Reinhart in Remparts zone.
13:30 of 1st period - Wrist shot by Chris Kunitz.
13:30 of 1st period - Stopped by Igor Bobkov with a rebound.
14:05 of 1st period - Wrist shot by Michal Repik.
14:05 of 1st period - Shot Blocked by Niklas Hansson.
14:15 of 1st period - Dylan Blujus is hit by Nail Yakupov and loses puck.
14:22 of 1st period - Wrist shot by Nail Yakupov.
14:22 of 1st period - Stopped by Justin Peters with a rebound.
14:33 of 1st period - Icing by Dylan Blujus.
14:34 of 1st period - Max Reinhart wins face-off versus Blake Coleman in Senators zone.
14:37 of 1st period - Snap shot by Max Reinhart.
14:37 of 1st period - Deflect By Ryan Strome.
14:37 of 1st period - Shot Misses the Net.
14:37 of 1st period - Puck is out of play.
14:38 of 1st period - Max Reinhart wins face-off versus Blake Coleman in Senators zone.
15:25 of 1st period - Backhand shot by Nail Yakupov.
15:25 of 1st period - Shot Misses the Net.
15:27 of 1st period - Slapshot by Niklas Hansson.
15:27 of 1st period - Deflect By Sam Reinhart.
15:27 of 1st period - Shot Misses the Net.
15:27 of 1st period - Puck is out of play.
15:28 of 1st period - Sam Reinhart wins face-off versus Chandler Stephenson in Senators zone.
16:00 of 1st period - Wrist shot by Nick Foligno.
16:00 of 1st period - Shot Misses the Net.
16:02 of 1st period - Snap shot by Chandler Stephenson.
16:02 of 1st period - Shot Misses the Net.
16:04 of 1st period - Snap shot by Chandler Stephenson.
16:04 of 1st period - Stopped by Igor Bobkov with a rebound.
16:06 of 1st period - Snap shot by Michal Repik.
16:06 of 1st period - Stopped by Igor Bobkov with a rebound.
16:08 of 1st period - Snap shot by Michal Repik.
16:08 of 1st period - Deflect By Nick Foligno.
16:08 of 1st period - Shot Misses the Net.
16:08 of 1st period - Puck is out of play.
16:09 of 1st period - Max Reinhart wins face-off versus Zemgus Girgensons in Remparts zone.
16:34 of 1st period - Michal Jordan is hit by Dylan Blujus and loses puck.
16:43 of 1st period - Slapshot by Patrick Maroon.
16:43 of 1st period - Deflect By Max Reinhart.
16:43 of 1st period - Stopped by Igor Bobkov with a rebound.
16:45 of 1st period - Wrist shot by Brett Bulmer.
16:45 of 1st period - Stopped by Igor Bobkov with a rebound.
16:47 of 1st period - Wrist shot by Blake Coleman.
16:47 of 1st period - Stopped by Igor Bobkov with a rebound.
17:45 of 1st period - Wrist shot by Michal Repik.
17:45 of 1st period - Shot Misses the Net.
17:47 of 1st period - Slapshot by Nick Foligno.
17:47 of 1st period - Stopped by Igor Bobkov without a rebound.
17:48 of 1st period - Chandler Stephenson wins face-off versus Cédric Lalonde-McNicoll in Remparts zone.
18:40 of 1st period - Wrist shot by Jan Mursak.
18:40 of 1st period - Shot Misses the Net.
18:42 of 1st period - Wrist shot by Andy Andreoff.
18:42 of 1st period - Stopped by Igor Bobkov with a rebound.
18:44 of 1st period - Snap shot by Jan Mursak.
18:44 of 1st period - Stopped by Igor Bobkov without a rebound.
18:45 of 1st period - Zemgus Girgensons wins face-off versus Max Reinhart in Remparts zone.
18:59 of 1st period - Chris Kunitz is hit by Ryan Strome and loses puck.
19:14 of 1st period - Chandler Stephenson is hit by Brendan Perlini and loses puck.
Goals for this period are 1 for Remparts vs 0 for Senators.
Shots for this period are 10 for Remparts vs 17 for Senators.

2nd period


0:01 of 2nd period - Max Reinhart wins face-off versus Zemgus Girgensons in neutral zone.
0:06 of 2nd period - Slapshot by Michal Jordan.
0:06 of 2nd period - Shot Blocked by Jack Dougherty.
0:08 of 2nd period - Wrist shot by Max Reinhart.
0:08 of 2nd period - Stopped by Justin Peters with a rebound.
0:10 of 2nd period - Snap shot by Michal Jordan.
0:10 of 2nd period - Shot Misses the Net.
0:12 of 2nd period - Snap shot by Michal Jordan.
0:12 of 2nd period - Deflect By Matt Frattin.
0:12 of 2nd period - Stopped by Justin Peters without a rebound.
0:13 of 2nd period - Pontus Aberg wins face-off versus Zemgus Girgensons in Senators zone.
0:14 of 2nd period - Snap shot by Ryan Strome.
0:14 of 2nd period - Stopped by Justin Peters with a rebound.
0:20 of 2nd period - Snap shot by Chris Kunitz.
0:20 of 2nd period - Shot Blocked by Pontus Aberg.
0:26 of 2nd period - Snap shot by Matt Frattin.
0:26 of 2nd period - Goal by Matt Frattin - Remparts : 1 - Senators : 1.
0:27 of 2nd period - Zemgus Girgensons wins face-off versus Max Reinhart in neutral zone.
0:58 of 2nd period - Wrist shot by Nick Foligno.
0:58 of 2nd period - Stopped by Igor Bobkov without a rebound.
0:59 of 2nd period - Chris Kunitz wins face-off versus Cédric Lalonde-McNicoll in Remparts zone.
1:58 of 2nd period - Zemgus Girgensons is hit by Nelson Nogier and loses puck.
2:21 of 2nd period - Wrist shot by Matt Frattin.
2:21 of 2nd period - Deflect By Chris Kunitz.
2:21 of 2nd period - Stopped by Igor Bobkov with a rebound.
2:23 of 2nd period - Wrist shot by Zemgus Girgensons.
2:23 of 2nd period - Shot Misses the Net.
2:25 of 2nd period - Snap shot by Adam Ollas-Mattsson.
2:25 of 2nd period - Stopped by Igor Bobkov with a rebound.
2:46 of 2nd period - Minor Penalty to Adam Ollas-Mattsson for Close Hand On Puck.
2:47 of 2nd period - Maxim Letunov wins face-off versus Cédric Lalonde-McNicoll in Senators zone.
3:12 of 2nd period - Michal Jordan is hit by Dylan Blujus and loses puck.
4:46 of 2nd period - Penalty to Adam Ollas-Mattsson is over, Adam Ollas-Mattsson is back on ice.
5:17 of 2nd period - Snap shot by Blake Coleman.
5:17 of 2nd period - Stopped by Igor Bobkov with a rebound.
5:19 of 2nd period - Snap shot by Grant Besse.
5:19 of 2nd period - Shot Blocked by Nail Yakupov.
5:21 of 2nd period - Snap shot by Patrick Maroon.
5:21 of 2nd period - Stopped by Igor Bobkov without a rebound.
5:22 of 2nd period - Mitchell Heard wins face-off versus Blake Coleman in Remparts zone.
5:29 of 2nd period - Snap shot by Brett Bulmer.
5:29 of 2nd period - Shot Blocked by Niklas Hansson.
5:31 of 2nd period - Slapshot by Patrick Maroon.
5:31 of 2nd period - Deflect By Brett Bulmer.
5:31 of 2nd period - Stopped by Igor Bobkov with a rebound.
5:37 of 2nd period - Snap shot by Brett Bulmer.
5:37 of 2nd period - Stopped by Igor Bobkov without a rebound.
5:38 of 2nd period - Max Reinhart wins face-off versus Chris Kunitz in Remparts zone.
5:40 of 2nd period - Icing by Ryan Strome.
5:41 of 2nd period - Zemgus Girgensons wins face-off versus Max Reinhart in Remparts zone.
5:42 of 2nd period - Snap shot by Matt Frattin.
5:42 of 2nd period - Shot Misses the Net.
5:44 of 2nd period - Slapshot by Mason Geertsen.
5:44 of 2nd period - Deflect By Ryan Strome.
5:44 of 2nd period - Stopped by Igor Bobkov with a rebound.
5:46 of 2nd period - Snap shot by Matt Frattin.
5:46 of 2nd period - Deflect By Chris Kunitz.
5:46 of 2nd period - Stopped by Igor Bobkov without a rebound.
5:47 of 2nd period - Max Reinhart wins face-off versus Zemgus Girgensons in Remparts zone.
5:52 of 2nd period - Snap shot by Ryan Strome.
5:52 of 2nd period - Shot Misses the Net.
5:54 of 2nd period - Wrist shot by Ryan Strome.
5:54 of 2nd period - Stopped by Justin Peters with a rebound.
5:56 of 2nd period - Slapshot by Max Reinhart.
5:56 of 2nd period - Stopped by Justin Peters without a rebound.
5:57 of 2nd period - Max Reinhart wins face-off versus Chandler Stephenson in Senators zone.
6:00 of 2nd period - Wrist shot by Max Reinhart.
6:00 of 2nd period - Stopped by Justin Peters with a rebound.
6:02 of 2nd period - Snap shot by Pontus Aberg.
6:02 of 2nd period - Stopped by Justin Peters with a rebound.
6:04 of 2nd period - Slapshot by Max Reinhart.
6:04 of 2nd period - Goal by Max Reinhart - Remparts : 2 - Senators : 1.
6:05 of 2nd period - Chandler Stephenson wins face-off versus Max Reinhart in neutral zone.
6:38 of 2nd period - Off-side.
6:39 of 2nd period - Chandler Stephenson wins face-off versus Cédric Lalonde-McNicoll in neutral zone.
7:06 of 2nd period - Off-side.
7:07 of 2nd period - Sam Reinhart wins face-off versus Andy Andreoff in neutral zone.
7:12 of 2nd period - Wrist shot by Grant Besse.
7:12 of 2nd period - Shot Blocked by William Colbert.
7:28 of 2nd period - Minor Penalty to Andy Andreoff for Hooking.
7:29 of 2nd period - Max Reinhart wins face-off versus Chris Kunitz in Senators zone.
7:38 of 2nd period - Snap shot by Chris Kunitz.
7:38 of 2nd period - Stopped by Igor Bobkov with a rebound.
7:40 of 2nd period - Wrist shot by Chris Kunitz.
7:40 of 2nd period - Shot Misses the Net.
7:42 of 2nd period - Snap shot by Nick Foligno.
7:42 of 2nd period - Shot Misses the Net.
7:44 of 2nd period - Slapshot by Jack Dougherty.
7:44 of 2nd period - Shot Misses the Net.
7:54 of 2nd period - Chris Kunitz is hit by Cédric Lalonde-McNicoll and loses puck.
9:28 of 2nd period - Penalty to Andy Andreoff is over, Andy Andreoff is back on ice.
9:32 of 2nd period - Adam Ollas-Mattsson is hit by Keaton Thompson and loses puck.
10:02 of 2nd period - Off-side.
10:03 of 2nd period - Chandler Stephenson wins face-off versus Mitchell Heard in neutral zone.
10:26 of 2nd period - Dylan Blujus is hit by Brendan Perlini and loses puck.
10:40 of 2nd period - Icing by Jan Mursak.
10:41 of 2nd period - Max Reinhart wins face-off versus Andy Andreoff in Senators zone.
11:42 of 2nd period - Cédric Lalonde-McNicoll is hit by Andy Andreoff and loses puck.
12:04 of 2nd period - Wrist shot by Guillaume Desbiens.
12:04 of 2nd period - Stopped by Justin Peters with a rebound.
12:06 of 2nd period - Snap shot by Brendan Perlini.
12:06 of 2nd period - Shot Misses the Net.
12:16 of 2nd period - Jan Mursak is hit by Brendan Perlini and loses puck.
12:28 of 2nd period - Wrist shot by Grant Besse.
12:28 of 2nd period - Stopped by Igor Bobkov without a rebound.
12:29 of 2nd period - Max Reinhart wins face-off versus Zemgus Girgensons in Remparts zone.
12:34 of 2nd period - Pontus Aberg is hit by Matt Frattin and loses puck.
12:40 of 2nd period - Off-side.
12:41 of 2nd period - Max Reinhart wins face-off versus Zemgus Girgensons in neutral zone.
12:57 of 2nd period - Icing by Pontus Sjalin.
12:58 of 2nd period - Sam Reinhart wins face-off versus Zemgus Girgensons in Senators zone.
13:49 of 2nd period - Snap shot by Jake Virtanen.
13:49 of 2nd period - Stopped by Justin Peters with a rebound.
13:51 of 2nd period - Snap shot by Mitchell Heard.
13:51 of 2nd period - Shot Misses the Net.
13:53 of 2nd period - Snap shot by William Colbert.
13:53 of 2nd period - Shot Misses the Net.
13:55 of 2nd period - Snap shot by Michal Jordan.
13:55 of 2nd period - Shot Misses the Net.
13:57 of 2nd period - Slapshot by William Colbert.
13:57 of 2nd period - Shot Blocked by Patrick Maroon.
13:59 of 2nd period - Backhand shot by Michal Jordan.
13:59 of 2nd period - Stopped by Justin Peters without a rebound.
14:00 of 2nd period - Cédric Lalonde-McNicoll wins face-off versus Zemgus Girgensons in Senators zone.
14:03 of 2nd period - Snap shot by Cédric Lalonde-McNicoll.
14:03 of 2nd period - Stopped by Justin Peters without a rebound.
14:04 of 2nd period - Zemgus Girgensons wins face-off versus Cédric Lalonde-McNicoll in Senators zone.
14:04 of 2nd period - Zemgus Girgensons is hit by Cédric Lalonde-McNicoll.
15:22 of 2nd period - Snap shot by Sam Reinhart.
15:22 of 2nd period - Shot Blocked by Dylan Blujus.
15:24 of 2nd period - Slapshot by Keaton Thompson.
15:24 of 2nd period - Shot Blocked by Dylan Blujus.
15:26 of 2nd period - Snap shot by Nail Yakupov.
15:26 of 2nd period - Stopped by Justin Peters with a rebound.
15:28 of 2nd period - Slapshot by Niklas Hansson.
15:28 of 2nd period - Stopped by Justin Peters with a rebound.
16:10 of 2nd period - Roberts Lipsbergs is hit by Mason Geertsen and loses puck.
16:29 of 2nd period - Wrist shot by Sam Reinhart.
16:29 of 2nd period - Shot Misses the Net.
16:31 of 2nd period - Wrist shot by Matt Puempel.
16:31 of 2nd period - Stopped by Justin Peters with a rebound.
16:51 of 2nd period - Chris Kunitz is hit by Jake Virtanen.
17:01 of 2nd period - Ryan Strome is hit by Grant Besse and loses puck.
17:14 of 2nd period - Sam Reinhart is hit by Dylan Blujus and loses puck.
17:54 of 2nd period - Icing by Keaton Thompson.
17:55 of 2nd period - Blake Coleman wins face-off versus Mitchell Heard in Remparts zone.
18:09 of 2nd period - Dylan Blujus is hit by Mitchell Heard and loses puck.
18:54 of 2nd period - Slapshot by William Colbert.
18:54 of 2nd period - Shot Blocked by Blake Coleman.
19:00 of 2nd period - Wrist shot by Jake Virtanen.
19:00 of 2nd period - Deflect By Patrick Maroon.
19:00 of 2nd period - Stopped by Justin Peters without a rebound.
19:01 of 2nd period - Max Reinhart wins face-off versus Zemgus Girgensons in Senators zone.
19:26 of 2nd period - Cédric Lalonde-McNicoll is hit by Pontus Sjalin and loses puck.
19:35 of 2nd period - Niklas Hansson is hit by Chandler Stephenson and loses puck.
19:54 of 2nd period - Nail Yakupov is hit by Jack Dougherty and loses puck.
Goals for this period are 1 for Remparts vs 1 for Senators.
Shots for this period are 16 for Remparts vs 12 for Senators.

3rd period


0:01 of 3rd period - Zemgus Girgensons wins face-off versus Max Reinhart in neutral zone.
0:03 of 3rd period - Minor Penalty to Zemgus Girgensons for Roughing.
0:04 of 3rd period - Chris Kunitz wins face-off versus Max Reinhart in Senators zone.
0:16 of 3rd period - Slapshot by Max Reinhart.
0:16 of 3rd period - Stopped by Justin Peters without a rebound.
0:17 of 3rd period - Chris Kunitz wins face-off versus Max Reinhart in Senators zone.
0:28 of 3rd period - Snap shot by Ryan Strome.
0:28 of 3rd period - Stopped by Justin Peters without a rebound.
0:29 of 3rd period - Chris Kunitz wins face-off versus Max Reinhart in Senators zone.
2:03 of 3rd period - Penalty to Zemgus Girgensons is over, Zemgus Girgensons is back on ice.
3:02 of 3rd period - Ryan Strome is hit by Chandler Stephenson.
3:32 of 3rd period - Chris Kunitz is hit by Cédric Lalonde-McNicoll and loses puck.
3:55 of 3rd period - Snap shot by Brett Bulmer.
3:55 of 3rd period - Stopped by Igor Bobkov with a rebound.
4:21 of 3rd period - Mitchell Heard is hit by Nick Foligno and loses puck.
4:42 of 3rd period - Sam Reinhart is hit by Adam Ollas-Mattsson and loses puck.
4:53 of 3rd period - Blake Coleman is hit by Cédric Lalonde-McNicoll and loses puck.
4:54 of 3rd period - Blake Coleman from Senators is injured at 4:54 of 3rd period (Broken Nose).
4:55 of 3rd period - Max Reinhart wins face-off versus Zemgus Girgensons in Senators zone.
5:02 of 3rd period - Wrist shot by Ryan Strome.
5:02 of 3rd period - Shot Misses the Net.
5:07 of 3rd period - Minor Penalty to Michal Jordan for Tripping.
5:08 of 3rd period - Zemgus Girgensons wins face-off versus Max Reinhart in Remparts zone.
6:14 of 3rd period - Zemgus Girgensons is hit by Jake Virtanen and loses puck.
7:07 of 3rd period - Penalty to Michal Jordan is over, Michal Jordan is back on ice.
7:07 of 3rd period - Chris Kunitz is hit by Michal Jordan and loses puck.
7:22 of 3rd period - Snap shot by Patrick Maroon.
7:22 of 3rd period - Stopped by Igor Bobkov with a rebound.
7:24 of 3rd period - Snap shot by Brett Bulmer.
7:24 of 3rd period - Stopped by Igor Bobkov with a rebound.
7:26 of 3rd period - Slapshot by Mason Geertsen.
7:26 of 3rd period - Shot Misses the Net.
8:20 of 3rd period - Slapshot by Mitchell Heard.
8:20 of 3rd period - Shot Blocked by Mason Geertsen.
8:45 of 3rd period - Jack Dougherty is hit by Pontus Aberg and loses puck.
8:49 of 3rd period - Icing by Mason Geertsen.
8:50 of 3rd period - Zemgus Girgensons wins face-off versus Cédric Lalonde-McNicoll in Senators zone.
8:50 of 3rd period - Zemgus Girgensons is hit by Cédric Lalonde-McNicoll.
9:16 of 3rd period - Chandler Stephenson is hit by Matt Puempel and loses puck.
9:27 of 3rd period - Pontus Aberg is hit by Dylan Blujus and loses puck.
9:32 of 3rd period - Slapshot by Grant Besse.
9:32 of 3rd period - Deflect By Jan Mursak.
9:32 of 3rd period - Shot Blocked by Max Reinhart.
9:32 of 3rd period - Puck is out of play.
9:33 of 3rd period - Andy Andreoff wins face-off versus Cédric Lalonde-McNicoll in Remparts zone.
9:40 of 3rd period - Backhand shot by Grant Besse.
9:40 of 3rd period - Shot Misses the Net.
9:48 of 3rd period - Jan Mursak is hit by Brendan Perlini and loses puck.
10:01 of 3rd period - Sam Reinhart is hit by Chris Kunitz and loses puck.
10:25 of 3rd period - Max Reinhart is hit by Adam Ollas-Mattsson and loses puck.
10:32 of 3rd period - Snap shot by Nick Foligno.
10:32 of 3rd period - Stopped by Igor Bobkov without a rebound.
10:33 of 3rd period - Chandler Stephenson wins face-off versus Max Reinhart in Remparts zone.
10:50 of 3rd period - Michal Jordan is hit by Michal Repik and loses puck.
11:04 of 3rd period - Icing by Adam Ollas-Mattsson.
11:05 of 3rd period - Cédric Lalonde-McNicoll wins face-off versus Zemgus Girgensons in Senators zone.
11:43 of 3rd period - Snap shot by Cédric Lalonde-McNicoll.
11:43 of 3rd period - Stopped by Justin Peters without a rebound.
11:44 of 3rd period - Max Reinhart wins face-off versus Chandler Stephenson in Senators zone.
12:16 of 3rd period - Backhand shot by Jack Dougherty.
12:16 of 3rd period - Shot Blocked by William Colbert.
13:05 of 3rd period - Minor Penalty to Guillaume Desbiens for Slashing.
13:06 of 3rd period - Zemgus Girgensons wins face-off versus Max Reinhart in Remparts zone.
13:50 of 3rd period - Cédric Lalonde-McNicoll is hit by Dylan Blujus and loses puck.
15:05 of 3rd period - Penalty to Guillaume Desbiens is over, Guillaume Desbiens is back on ice.
15:12 of 3rd period - Off-side.
15:13 of 3rd period - Andy Andreoff wins face-off versus Brendan Perlini in neutral zone.
15:40 of 3rd period - Matt Puempel is hit by Patrick Maroon and loses puck.
16:05 of 3rd period - Slapshot by Max Reinhart.
16:05 of 3rd period - Shot Blocked by Dylan Blujus.
16:43 of 3rd period - Grant Besse is hit by Jake Virtanen and loses puck.
17:00 of 3rd period - Snap shot by William Colbert.
17:00 of 3rd period - Deflect By Mitchell Heard.
17:00 of 3rd period - Shot Blocked by Mason Geertsen.
17:00 of 3rd period - Puck is out of play.
17:01 of 3rd period - Zemgus Girgensons wins face-off versus Sam Reinhart in Senators zone.
17:01 of 3rd period - Zemgus Girgensons is hit by Nail Yakupov.
17:28 of 3rd period - Minor Penalty to Zemgus Girgensons for Roughing.
17:29 of 3rd period - Chris Kunitz wins face-off versus Max Reinhart in Senators zone.
18:54 of 3rd period - Off-side.
18:55 of 3rd period - Mario Lemieux call a timeout for Senators.
18:55 of 3rd period - Cédric Lalonde-McNicoll wins face-off versus Matt Frattin in neutral zone.
19:08 of 3rd period - Slapshot by Jan Mursak.
19:08 of 3rd period - Goal by Jan Mursak - Remparts : 2 - Senators : 2.
19:09 of 3rd period - Chris Kunitz wins face-off versus Max Reinhart in neutral zone.
19:16 of 3rd period - Snap shot by Chris Kunitz.
19:16 of 3rd period - Shot Misses the Net.
19:18 of 3rd period - Slapshot by Jack Dougherty.
19:18 of 3rd period - Stopped by Igor Bobkov with a rebound.
19:20 of 3rd period - Snap shot by Chris Kunitz.
19:20 of 3rd period - Stopped by Igor Bobkov without a rebound.
19:21 of 3rd period - Chris Kunitz wins face-off versus Max Reinhart in Remparts zone.
19:28 of 3rd period - Penalty to Zemgus Girgensons is over, Zemgus Girgensons is back on ice.
19:35 of 3rd period - Slapshot by Ryan Strome.
19:35 of 3rd period - Shot Misses the Net.
19:37 of 3rd period - Wrist shot by Pontus Aberg.
19:37 of 3rd period - Deflect By Ryan Strome.
19:37 of 3rd period - Shot Misses the Net.
19:37 of 3rd period - Puck is out of play.
19:38 of 3rd period - Sam Reinhart wins face-off versus Andy Andreoff in Senators zone.
19:39 of 3rd period - Slapshot by William Colbert.
19:39 of 3rd period - Shot Misses the Net.
Goals for this period are 0 for Remparts vs 1 for Senators.
Shots for this period are 3 for Remparts vs 7 for Senators.

Overtime #1


0:01 of 1st overtime period - Max Reinhart wins face-off versus Chris Kunitz in neutral zone.
0:04 of 1st overtime period - Snap shot by Max Reinhart.
0:04 of 1st overtime period - Shot Misses the Net.
0:23 of 1st overtime period - Icing by Michal Jordan.
0:24 of 1st overtime period - Chris Kunitz wins face-off versus Max Reinhart in Remparts zone.
0:29 of 1st overtime period - Snap shot by Chris Kunitz.
0:29 of 1st overtime period - Shot Blocked by Max Reinhart.
1:11 of 1st overtime period - Matt Frattin is hit by Michal Jordan and loses puck.
1:51 of 1st overtime period - Jack Dougherty is hit by Michal Jordan and loses puck.
2:10 of 1st overtime period - Andy Andreoff is hit by Pontus Aberg and loses puck.
2:17 of 1st overtime period - Mason Geertsen is hit by Keaton Thompson and loses puck.
2:44 of 1st overtime period - Michal Jordan is hit by Jan Mursak and loses puck.
2:51 of 1st overtime period - Snap shot by Jan Mursak.
2:51 of 1st overtime period - Stopped by Igor Bobkov without a rebound.
2:52 of 1st overtime period - Chris Kunitz wins face-off versus Max Reinhart in Remparts zone.
3:36 of 1st overtime period - Michael Downing is hit by Adam Ollas-Mattsson and loses puck.
3:47 of 1st overtime period - Mason Geertsen is hit by Cédric Lalonde-McNicoll and loses puck.
4:07 of 1st overtime period - Off-side.
4:08 of 1st overtime period - Matt Frattin wins face-off versus Mitchell Heard in neutral zone.
4:22 of 1st overtime period - Slapshot by Matt Frattin.
4:22 of 1st overtime period - Shot Blocked by William Colbert.
4:24 of 1st overtime period - Snap shot by Jack Dougherty.
4:24 of 1st overtime period - Shot Misses the Net.
4:41 of 1st overtime period - Dylan Blujus is hit by Sam Reinhart and loses puck.
Goals for this period are 0 for Remparts vs 0 for Senators.
Shots for this period are 0 for Remparts vs 1 for Senators.

ShootOut


5:00 of 1st overtime period - Round #1.
5:00 of 1st overtime period - Remparts, Max Reinhart.
5:00 of 1st overtime period - Backhand shot by Max Reinhart.
5:00 of 1st overtime period - Stopped by Justin Peters.
5:00 of 1st overtime period - Senators, Chris Kunitz.
5:00 of 1st overtime period - Wrist shot by Chris Kunitz.
5:00 of 1st overtime period - Stopped by Igor Bobkov.
5:00 of 1st overtime period - Round #2.
5:00 of 1st overtime period - Remparts, Pontus Aberg.
5:00 of 1st overtime period - Deke by Pontus Aberg.
5:00 of 1st overtime period - Shot Misses the Net.
5:00 of 1st overtime period - Senators, Nick Foligno.
5:00 of 1st overtime period - Snap shot by Nick Foligno.
5:00 of 1st overtime period - Stopped by Igor Bobkov.
5:00 of 1st overtime period - Round #3.
5:00 of 1st overtime period - Remparts, Guillaume Desbiens.
5:00 of 1st overtime period - Snap shot by Guillaume Desbiens.
5:00 of 1st overtime period - Stopped by Justin Peters.
5:00 of 1st overtime period - Senators, Matt Frattin.
5:00 of 1st overtime period - Wrist shot by Matt Frattin.
5:00 of 1st overtime period - Shot Misses the Net.
5:00 of 1st overtime period - Round #4.
5:00 of 1st overtime period - Remparts, Nail Yakupov.
5:00 of 1st overtime period - Wrist shot by Nail Yakupov.
5:00 of 1st overtime period - Shot Misses the Net.
5:00 of 1st overtime period - Senators, Jan Mursak.
5:00 of 1st overtime period - Wrist shot by Jan Mursak.
5:00 of 1st overtime period - Goal by Jan Mursak.